Map: Reclamation LE

Players

Zeratul

  • Race: Protoss Protoss
  • League: Diamond
  • Spawn Location: 12:00

Oniontears

  • Race: Protoss Protoss
  • League: Diamond
  • Spawn Location: 11:00

MattBarry

  • Race: Protoss Protoss
  • League: Gold
  • Spawn Location: 6:00

MattBarry

  • Race: Zerg Zerg
  • League: Silver
  • Spawn Location: 5:00

VOD

Have the link to the VOD?

Description

Time

  • Played on: Jan. 20, 2023, 1:43 a.m.
  • Length: 18:55
Show
View Real Time Build Order
Export as new Build Order

Zeratul Protoss 

Build Orders: Nexus First 

Get SALT Encoding   

  12  0:09  Pylon  
  12  0:13  Probe (Chrono Boost)  
  13  0:23  Probe (Chrono Boost)  
  13  0:28  Probe (Chrono Boost)  
  15  0:39  Probe  
  16  0:51  Probe  
  17  1:03  Nexus  
  17  1:11  Forge  
  17  1:22  Pylon  
  17  1:24  Probe  
  18  1:36  Probe (Chrono Boost)  
  20  1:48  Photon Cannon, Probe (Chrono Boost)  
  20  1:52  Photon Cannon  
  20  1:53  Probe (Chrono Boost)  
  21  2:02  Probe (Chrono Boost)  
  22  2:09  Photon Cannon  
  22  2:14  Probe (Chrono Boost)  
  23  2:19  Probe (Chrono Boost)  
  25  2:23  Probe (Chrono Boost)  
  25  2:26  Probe (Chrono Boost)  
  27  2:30  Probe (Chrono Boost)  
  27  2:31  Probe (Chrono Boost)  
  28  2:41  Probe  
  28  2:43  Probe  
  30  2:53  Probe  
  30  2:55  Probe  
  32  3:02  Nexus  
  32  3:04  Pylon  
  32  3:05  Probe  
  33  3:07  Probe  
  34  3:23  Photon Cannon  
  34  3:26  Gateway x2  
  33  3:30  Photon Cannon  
  33  3:36  Assimilator  
  33  3:38  Probe x2  
  33  3:40  Assimilator  
  35  3:50  Probe  
  35  3:51  Probe  
  36  4:02  Probe (Chrono Boost)  
  37  4:05  Probe (Chrono Boost)  
  37  4:06  Gateway x2  
  38  4:10  Pylon  
  38  4:12  Assimilator  
  38  4:14  Probe (Chrono Boost)  
  38  4:15  Pylon  
  38  4:17  Assimilator  
  40  4:19  Probe (Chrono Boost)  
  40  4:20  Probe (Chrono Boost)  
  41  4:27  Probe  
  41  4:28  Probe  
  41  4:30  Pylon  
  43  4:39  Gateway, Probe  
  43  4:51  Probe  
  44  4:55  Cybernetics Core  
  44  4:59  Gateway  
  44  5:00  Gateway  
  44  5:03  Pylon  
  44  5:08  Probe  
  45  5:28  Nexus  
  45  5:31  Pylon, Stalker x3  
  51  5:39  Warp Gate  
  51  5:44  Protoss Ground Weapons Level 1 (Chrono Boost)  
  51  5:45  Forge  
  51  5:46  Shield Battery  
  51  5:48  Twilight Council  
  51  5:52  Twilight Council  
  51  5:55  Gateway  
  51  5:56  Photon Cannon  
  51  6:00  Photon Cannon  
  51  6:01  Stalker  
  51  6:02  Shield Battery  
  51  6:03  Stalker x3  
  59  6:06  Pylon  
  59  6:16  Photon Cannon  
  59  6:18  Protoss Ground Armor Level 1 (Chrono Boost)  
  59  6:24  Stalker  
  59  6:25  Pylon  
  61  6:28  Shield Battery  
  61  6:33  Assimilator  
  61  6:34  Pylon  
  61  6:40  Probe (Chrono Boost)  
  61  6:41  Photon Cannon, Shield Battery  
  61  6:43  Blink (Chrono Boost)  
  62  6:49  Probe (Chrono Boost)  
  62  6:53  Gateway  
  63  6:54  Probe (Chrono Boost)  
  63  7:06  Probe (Chrono Boost)  
  62  7:18  Probe (Chrono Boost)  
  63  7:26  Probe (Chrono Boost)  
  63  7:28  Robotics Facility  
  63  7:29  Gateway  
  64  7:30  Gateway  
  64  7:33  Probe  
  64  7:34  Pylon, Stalker x3  
  64  7:35  Stalker  
  73  7:45  Probe  
  74  7:57  Probe  
  74  7:58  Stalker x3  
  77  8:02  Stalker x3  
  77  8:03  Stalker  
  89  8:09  Protoss Ground Weapons Level 2 (Chrono Boost)  
  89  8:14  Protoss Shields Level 1 (Chrono Boost)  
  75  8:23  Stalker x2  
  75  8:24  Stalker  
  69  8:30  Charge  
  63  8:37  Stalker  
  63  8:38  Stalker x3  
  63  9:02  Probe (Chrono Boost)  
  66  9:04  Pylon  
  66  9:05  Nexus  
  66  9:07  Pylon, Probe x2 (Chrono Boost)  
  66  9:08  Pylon  
  66  9:11  Assimilator  
  66  9:12  Probe (Chrono Boost)  
  66  9:15  Probe (Chrono Boost)  
  66  9:16  Probe (Chrono Boost)  
  69  9:17  Probe (Chrono Boost)  
  70  9:25  Templar Archives  
  70  9:27  Probe x2 (Chrono Boost)  
  70  9:28  Probe (Chrono Boost)  
  70  9:29  Shield Battery  
  73  9:31  Shield Battery  
  73  9:33  Observer  
  76  9:40  Probe (Chrono Boost)  
  76  9:44  Probe x2 (Chrono Boost)  
  76  9:45  Gateway  
  77  9:46  Probe (Chrono Boost)  
  77  9:47  Shield Battery  
  77  9:50  Probe x2 (Chrono Boost)  
  80  9:54  Probe  
  80  9:55  Observer  
  80  9:58  Gateway  
  82  10:01  Gateway  
  82  10:02  Probe x2  
  82  10:06  High Templar, Probe  
  82  10:07  Protoss Ground Armor Level 2 (Chrono Boost), High Templar x3  
  89  10:10  Archon  
  89  10:11  Archon  
  93  10:14  Stalker, Probe  
  93  10:15  Stalker x2  
  93  10:16  Observer  
  91  10:31  High Templar x2  
  91  10:35  Archon  
  95  10:38  Assimilator  
  95  10:39  Zealot x3  
  95  10:40  Zealot x4  
  95  10:42  Assimilator  
  109  10:49  Zealot  
  105  10:54  Protoss Ground Weapons Level 3 (Chrono Boost)  
  102  11:00  Stalker x2  
  102  11:01  Stalker x2  
  92  11:22  Stalker x4  
  92  11:23  Stalker  
  95  11:37  Zealot  
  95  11:38  Zealot x4  
  107  11:42  Probe (Chrono Boost)  
  107  11:43  Probe (Chrono Boost)  
  107  11:45  Probe (Chrono Boost)  
  108  11:51  Probe (Chrono Boost)  
  110  11:55  Probe x2 (Chrono Boost)  
  110  12:09  Nexus, Probe (Chrono Boost)  
  110  12:11  Pylon  
  110  12:13  Pylon  
  110  12:14  Probe x2 (Chrono Boost)  
  110  12:15  Probe (Chrono Boost)  
  112  12:18  Probe (Chrono Boost)  
  112  12:22  Probe (Chrono Boost)  
  94  12:42  Stalker x4  
  94  12:43  Stalker x5  
  94  12:44  Stalker x2  
  88  13:13  Zealot x5  
  88  13:14  Zealot x4  
  88  13:17  Probe x3  
  109  13:21  Gateway  
  109  13:23  High Templar x3  
  109  13:25  Gateway  
  115  13:27  Archon  
  115  13:34  High Templar x6  
  117  13:35  High Templar x2  
  117  13:38  Archon x3  
  117  13:39  Archon  
  131  13:43  Probe (Chrono Boost)  
  132  13:50  Protoss Shields Level 2 (Chrono Boost), Protoss Ground Armor Level 3 (Chrono Boost)  
  132  13:52  Dark Shrine  
  132  13:54  Probe (Chrono Boost)  
  134  13:55  Gateway  
  134  13:57  Pylon  
  134  13:59  Gateway, Probe (Chrono Boost)  
  134  14:00  Probe (Chrono Boost)  
  134  14:02  Probe x2 (Chrono Boost)  
  138  14:04  Probe (Chrono Boost)  
  138  14:05  Zealot x2, Stalker  
  138  14:06  Stalker  
  138  14:08  Probe (Chrono Boost)  
  105  15:13  Stalker x2  
  105  15:14  Stalker x6  
  121  15:22  Stalker  
  121  15:23  Stalker x4  
  121  15:24  Stalker x2  
  121  15:25  Shadow Stride (Chrono Boost)  
  117  15:33  Assimilator  
  117  15:38  Assimilator, Probe x5  
  117  15:41  Photon Cannon  
  122  15:42  Photon Cannon  
  122  15:43  Shield Battery  
  122  15:45  Gateway x2  
  122  15:49  Gateway  
  122  15:50  Probe x3  
  122  15:52  Pylon  
  125  16:05  Stalker x5  
  125  16:06  Stalker x5  
  125  16:07  Stalker x5  
  155  16:14  Nexus  
  155  16:21  Pylon  
  155  16:29  Observer  
  156  16:36  Dark Templar x3  
  156  16:37  Dark Templar x6  
  156  16:38  Dark Templar x4  
  156  16:39  Dark Templar  
  184  16:43  Shield Battery  
  184  16:45  Shield Battery  
  184  16:48  Photon Cannon  
  184  16:50  Gateway  
  184  16:52  Pylon  
  184  17:39  Sentry x3  
  184  17:40  Sentry  
  184  17:43  Assimilator  
  192  17:45  Assimilator  
Show
View Real Time Build Order
Export as new Build Order

Oniontears Protoss 

Build Orders:  

Get SALT Encoding   

  12  0:11  Probe  
  13  0:20  Pylon  
  13  0:23  Probe  
  14  0:35  Probe (Chrono Boost)  
  15  0:42  Gateway  
  15  0:45  Probe (Chrono Boost)  
  16  0:50  Probe (Chrono Boost)  
  17  1:01  Probe (Chrono Boost)  
  18  1:09  Assimilator  
  18  1:13  Probe (Chrono Boost)  
  19  1:20  Probe (Chrono Boost)  
  20  1:27  Probe  
  20  1:29  Zealot  
  23  1:40  Cybernetics Core  
  23  1:49  Probe  
  23  1:52  Pylon  
  23  1:54  Assimilator  
  23  2:10  Probe  
  23  2:15  Adept (Chrono Boost), Gateway  
  26  2:23  Nexus  
  26  2:47  Warp Gate (Chrono Boost)  
  26  2:49  Adept  
  28  2:55  Probe  
  29  3:13  Probe  
  30  3:25  Probe  
  31  3:30  Shield Battery  
  31  3:32  Pylon  
  31  3:36  Stargate  
  31  3:37  Nexus  
  31  3:41  Pylon  
  31  3:50  Adept, Probe  
  34  4:03  Probe  
  35  4:10  Shield Battery  
  35  4:15  Probe  
  36  4:22  Oracle  
  39  4:27  Probe  
  40  4:35  Gateway  
  40  4:39  Stalker x2, Probe  
  45  4:51  Probe  
  39  5:10  Void Ray  
  34  5:15  Stalker x2  
  34  5:18  Probe  
  38  5:25  Pylon  
  36  5:32  Probe x2  
  37  5:36  Pylon  
  37  5:44  Probe (Chrono Boost)  
  37  5:46  Stalker  
  37  5:47  Stalker  
  43  5:50  Probe (Chrono Boost)  
  43  5:53  Probe (Chrono Boost)  
  43  5:55  Twilight Council  
  45  5:58  Probe (Chrono Boost)  
  45  5:59  Probe (Chrono Boost)  
  46  6:04  Gateway  
  46  6:10  Probe (Chrono Boost)  
  48  6:14  Probe (Chrono Boost)  
  48  6:17  Probe (Chrono Boost)  
  49  6:20  Probe (Chrono Boost)  
  49  6:25  Probe  
  51  6:31  Blink (Chrono Boost)  
  52  6:32  Probe  
  52  6:37  Probe  
  53  6:44  Probe  
  54  6:57  Stalker x3  
  60  7:08  Probe x2  
  62  7:11  Forge  
  62  7:13  Nexus  
  62  7:17  Pylon  
  62  7:18  Assimilator  
  62  7:21  Assimilator  
  62  7:22  Stalker, Shield Battery  
  62  7:25  Pylon  
  65  7:30  Probe x2  
  65  7:36  Robotics Facility  
  66  7:38  Stalker  
  66  7:42  Probe  
  69  7:50  Protoss Ground Weapons Level 1 (Chrono Boost), Probe  
  70  7:54  Probe  
  71  8:14  Charge (Chrono Boost)  
  71  8:17  Stalker x4  
  79  8:25  Observer  
  73  8:40  Stalker x2  
  68  8:55  Probe  
  69  9:11  Probe x2  
  69  9:14  Probe  
  72  9:20  Warp Prism  
  74  9:30  Probe  
  75  9:34  Photon Cannon  
  75  9:38  Pylon  
  75  9:39  Photon Cannon  
  75  9:40  Protoss Ground Weapons Level 2 (Chrono Boost)  
  75  9:41  Photon Cannon  
  75  9:43  Shield Battery  
  75  9:44  Pylon, Probe (Chrono Boost)  
  78  9:49  Stalker, Probe (Chrono Boost)  
  78  9:50  Probe (Chrono Boost)  
  78  9:52  Nexus  
  80  9:53  Stalker  
  80  9:55  Pylon, Stalker  
  80  9:56  Immortal  
  88  10:00  Stalker  
  90  10:08  Assimilator  
  90  10:12  Assimilator  
  90  10:14  Photon Cannon  
  90  10:21  Stalker x3  
  93  10:34  Stalker  
  95  10:38  Immortal (Chrono Boost)  
  99  10:44  Stalker x3  
  101  11:00  Stalker  
  95  11:17  Stalker x3  
  99  11:23  Gateway  
  99  11:25  Gateway  
  99  11:27  Gateway, Zealot  
  99  11:30  Pylon  
  101  11:36  Probe x3  
  104  11:45  Protoss Ground Weapons Level 3 (Chrono Boost), Dark Shrine  
  104  11:46  Nexus  
  104  11:48  Robotics Bay  
  104  11:49  Robotics Facility  
  104  11:50  Pylon  
  104  12:05  Probe x2  
  104  12:08  Gateway  
  106  12:10  Gateway  
  106  12:12  Observer (Chrono Boost)  
  107  12:17  Zealot x3  
  107  12:18  Zealot  
  62  12:52  Zealot x5  
  62  12:53  Zealot x2  
  62  12:56  Disruptor (Chrono Boost), Probe  
  62  12:57  Probe x2  
  81  13:00  Probe  
  81  13:01  Shadow Stride (Chrono Boost)  
  81  13:03  Gravitic Boosters (Chrono Boost)  
  81  13:05  Disruptor (Chrono Boost)  
  82  13:08  Probe  
  82  13:09  Zealot x2, Probe x2  
  89  13:15  Stalker x6  
  89  13:19  Probe  
  102  13:24  Photon Cannon  
  102  13:29  Unknown  
  102  13:31  Pylon  
  102  13:32  Stalker x2  
  106  13:41  Stalker x3  
  112  13:51  Templar Archives  
  112  13:56  Gravitic Drive  
  112  13:57  Warp Prism  
  112  14:01  Zealot x2  
  118  14:03  Probe x2  
  118  14:05  Probe x2  
  122  14:15  Protoss Ground Armor Level 1 (Chrono Boost)  
  112  14:19  Disruptor  
  113  14:32  Disruptor  
  104  14:54  Colossus  
  110  15:02  Stalker x2  
  110  15:03  Stalker x4  
  110  15:04  Stalker  
  110  15:06  Probe x4  
  128  15:08  Disruptor  
  131  15:17  Zealot x2  
  131  15:18  Probe x4  
  134  15:32  Zealot x2  
  134  15:33  Zealot x5  
  148  15:39  Pylon  
  148  15:41  Pylon  
  142  15:49  Nexus  
  126  15:52  Pylon  
  109  15:58  Zealot x2  
  109  15:59  Zealot x6  
  118  16:10  Stalker  
  120  16:14  Protoss Shields Level 1 (Chrono Boost)  
  120  16:17  Fleet Beacon  
  120  16:18  Stargate  
  120  16:19  Probe x3  
  123  16:27  Stalker x8  
  123  16:30  Disruptor  
  123  16:32  Immortal  
  146  16:36  Probe x3  
  145  16:53  Dark Templar  
  145  16:54  Dark Templar x5  
  142  16:56  Probe x2  
  152  17:03  Tempest (Chrono Boost)  
  152  17:06  Observer  
  137  17:38  Colossus  
  137  17:39  Tempest (Chrono Boost)  
  148  17:49  Zealot x8  
  148  17:50  Probe x4  
  168  18:00  Assimilator  
  168  18:02  Assimilator  
  174  18:08  Zealot  
  176  18:19  Tempest (Chrono Boost)  
  186  18:35  Pylon  
  186  18:54  Zealot x4  
Show
View Real Time Build Order
Export as new Build Order

MattBarry Protoss 

Build Orders: 1 Gate Expand 

Get SALT Encoding   

  12  0:00  Probe  
  13  0:13  Probe  
  14  0:20  Pylon  
  14  0:25  Probe  
  15  0:38  Probe  
  15  0:39  Gateway  
  16  0:45  Assimilator  
  16  0:50  Probe  
  17  1:02  Probe  
  18  1:15  Probe  
  19  1:27  Cybernetics Core  
  19  1:33  Probe  
  20  1:42  Nexus  
  20  1:55  Pylon  
  20  1:56  Probe  
  21  2:03  Warp Gate  
  21  2:04  Adept  
  23  2:13  Probe  
  24  2:20  Pylon  
  24  2:25  Probe  
  24  2:26  Assimilator  
  25  2:34  Adept  
  27  2:40  Gateway  
  27  2:44  Probe  
  28  2:57  Gateway  
  28  3:00  Probe x2  
  30  3:07  Stalker  
  30  3:12  Probe (Chrono Boost)  
  33  3:14  Probe (Chrono Boost)  
  34  3:23  Probe (Chrono Boost)  
  34  3:24  Probe (Chrono Boost)  
  36  3:28  Probe (Chrono Boost)  
  36  3:29  Probe (Chrono Boost)  
  36  3:33  Robotics Facility  
  38  3:57  Probe x2  
  40  4:03  Pylon  
  40  4:14  Probe x2  
  40  4:16  Sentry x2  
  46  4:17  Sentry  
  46  4:21  Nexus  
  48  4:24  Pylon  
  48  4:26  Probe x2  
  48  4:27  Pylon  
  48  4:30  Observer  
  51  4:38  Probe x2  
  51  5:15  Stalker  
  51  5:16  Stalker x2  
  57  5:33  Probe x2  
  59  5:36  Forge  
  59  5:37  Forge  
  59  5:39  Stalker x2  
  59  5:40  Stalker  
  65  5:43  Immortal  
  65  5:47  Probe x2  
  71  5:50  Assimilator  
  71  5:53  Assimilator  
  71  5:54  Gateway  
  71  5:56  Gateway  
  71  5:58  Gateway  
  71  5:59  Probe x2  
  71  6:00  Protoss Ground Weapons Level 1 (Chrono Boost), Protoss Ground Armor Level 1 (Chrono Boost)  
  71  6:02  Probe  
  74  6:11  Probe x2  
  76  6:14  Probe  
  76  6:15  Pylon  
  77  6:22  Immortal  
  81  6:27  Probe x3  
  84  6:33  Twilight Council  
  84  6:38  Stalker x2  
  84  6:39  Stalker, Probe x2  
  93  6:40  Probe  
  87  6:56  Pylon, Probe  
  87  6:57  Probe x2  
  90  7:08  Immortal  
  94  7:09  Probe x3  
  94  7:10  Stalker x2  
  94  7:12  Blink (Chrono Boost)  
  101  7:20  Pylon  
  101  7:22  Pylon  
  101  7:25  Pylon  
  101  7:26  Probe x3  
  101  7:29  Assimilator  
  104  7:31  Stalker  
  104  7:34  Stalker, Assimilator  
  108  7:47  Photon Cannon  
  108  7:53  Photon Cannon  
  108  7:56  Protoss Ground Weapons Level 2 (Chrono Boost), Protoss Ground Armor Level 2 (Chrono Boost)  
  108  7:59  Stalker x2  
  108  8:01  Zealot x2  
  108  8:02  Zealot  
  92  8:36  Stalker  
  92  8:37  Stalker x4  
  92  8:38  Stalker  
  92  8:41  Immortal  
  79  8:59  Probe  
  79  9:00  Probe x2  
  79  9:01  Stalker x2  
  79  9:02  Stalker x4  
  94  9:11  Probe  
  94  9:12  Gateway, Probe x2  
  94  9:14  Gateway  
  94  9:16  Gateway  
  97  9:24  Probe x3  
  100  9:27  Stalker  
  102  9:33  Stalker x2  
  102  9:34  Nexus  
  102  9:36  Pylon  
  102  9:38  Pylon  
  106  9:43  Pylon  
  106  9:45  Stalker x2  
  106  9:46  Stalker  
  116  9:52  Immortal  
  116  10:09  Stalker  
  116  10:10  Stalker x5  
  124  10:36  Stalker x2  
  124  10:37  Stalker x6  
  124  10:42  Stalker  
  98  11:26  Stalker x4  
  98  11:27  Stalker x5  
  116  11:33  Immortal (Chrono Boost)  
  120  11:42  Protoss Ground Weapons Level 3 (Chrono Boost), Protoss Ground Armor Level 3 (Chrono Boost)  
  120  11:51  Assimilator  
  120  11:52  Assimilator  
  120  11:54  Stalker x4  
  120  11:55  Stalker  
  130  12:06  Immortal  
  134  12:18  Stalker  
  134  12:19  Zealot x3  
  134  12:20  Stalker x3  
  124  12:37  Zealot  
  124  12:38  Zealot  
  122  12:50  Zealot x5  
  102  13:04  Probe x3  
  91  13:13  Stalker x6  
  91  13:16  Probe (Chrono Boost)  
  91  13:17  Probe x2 (Chrono Boost)  
  106  13:28  Probe (Chrono Boost)  
  106  13:29  Probe x2 (Chrono Boost)  
  109  13:36  Probe x3 (Chrono Boost)  
  109  13:40  Stalker x2  
  116  13:42  Probe  
  116  13:43  Probe x2  
  119  13:50  Stalker x2  
  119  13:51  Stalker x3  
  119  13:52  Stalker  
  131  13:59  Immortal  
  135  14:08  Stalker x2  
  115  14:39  Immortal, Zealot x2  
  117  15:02  Zealot x8  
  113  15:28  Stalker x2  
  113  15:29  Stalker x6  
  101  16:06  Stalker  
  101  16:07  Stalker x7  
  117  16:14  Immortal  
  121  16:28  Templar Archives  
  121  16:32  Stalker x3  
  124  16:33  Stalker x5  
  126  16:53  Immortal  
  130  16:57  Stalker x5  
  130  16:58  Stalker x3  
  106  17:17  Photon Cannon  
  106  17:20  Photon Cannon  
  56  17:39  Stalker x2  
  56  17:40  Stalker  
  56  17:41  Stalker x3  
  63  17:54  Observer  
  64  18:09  Stalker x4  
  64  18:10  Stalker x2  
Show
View Real Time Build Order
Export as new Build Order

MattBarry Zerg 

Build Orders: Pool First 

Get SALT Encoding   

  12  0:00  Drone  
  13  0:13  Overlord  
  13  0:29  Drone  
  13  0:34  Spawning Pool  
  13  0:37  Extractor  
  13  0:39  Drone  
  13  0:46  Drone  
  13  0:48  Drone  
  15  1:02  Drone  
  16  1:23  Queen  
  16  1:24  Zergling x4  
  16  1:25  Zergling x2  
  21  1:39  Drone  
  22  1:51  Overlord  
  22  2:02  Hatchery  
  21  2:08  Queen  
  21  2:11  Metabolic Boost  
  21  2:14  Drone  
  24  2:19  Drone  
  25  2:26  Zergling x2  
  24  3:01  Drone  
  24  3:02  Drone x2  
  27  3:12  Overlord  
  27  3:18  Roach Warren  
  26  3:20  Extractor  
  26  3:23  Queen  
  27  3:31  Drone x2  
  27  3:33  Drone x3  
  32  4:01  Zergling x22  
  43  4:21  Hatchery  
  42  4:25  Evolution Chamber  
  42  4:28  Evolution Chamber  
  40  4:36  Lair  
  33  5:13  Roach  
  40  5:14  Roach x5  
  42  5:35  Baneling Nest  
  42  5:37  Glial Reconstitution  
  41  5:52  Drone  
  41  5:53  Drone x4  
  41  5:54  Drone  
  47  6:09  Roach  
  47  6:10  Overlord  
  49  6:21  Baneling  
  49  6:22  Baneling x6  
  49  6:32  Spore Crawler  
  48  6:35  Spore Crawler  
  48  6:39  Drone  
  48  6:43  Drone  
  40  7:04  Zergling x12  
  38  7:11  Zergling x2  
  38  7:12  Zergling x2  
  40  7:25  Centrifugal Hooks  
  40  7:30  Zerg Melee Weapons Level 1  
  40  7:40  Drone  
  40  7:41  Drone x4  
  45  7:48  Spore Crawler x2  
  43  7:53  Drone x2  
  45  8:06  Zergling x2  
  45  8:07  Zergling x8  
  47  8:35  Overlord x2  
  47  8:36  Overlord x2  
  47  8:37  Overlord  
  42  8:55  Zergling x2  
  43  8:56  Zergling x24  
  55  9:13  Hatchery  
  54  9:25  Queen  
  56  9:31  Zerg Ground Armor Level 1  
  56  9:33  Zerg Missile Weapons Level 1  
  56  9:42  Drone, Hydralisk Den x2  
  56  9:43  Drone x2  
  57  9:47  Overlord  
  57  9:52  Drone x3  
  60  9:57  Drone x2  
  57  10:29  Zergling x24  
  57  10:30  Zergling x6  
  57  10:32  Roach  
  74  10:38  Drone x2  
  74  11:03  Hydralisk x6  
  58  11:48  Hydralisk x4  
  58  11:49  Hydralisk x10  
  58  11:50  Zergling x2  
  81  11:54  Muscular Augments  
  81  11:56  Grooved Spines  
  75  12:08  Drone  
  75  12:09  Drone x6  
  75  12:10  Drone x2  
  77  12:42  Zergling x2  
  77  12:43  Zergling x42  
  87  12:56  Drone x2  
  87  12:57  Drone  
  88  13:00  Extractor  
  88  13:01  Extractor  
  86  13:09  Spire  
  85  13:15  Hatchery  
  85  13:17  Infestation Pit  
  83  13:22  Zerg Missile Weapons Level 2  
  83  13:34  Extractor x2  
  80  13:52  Zergling x2  
  80  13:53  Zergling x20  
  69  14:29  Zergling x14  
  69  14:30  Zergling x22  
  71  14:49  Roach  
  71  14:50  Roach x8  
  85  15:00  Drone  
  85  15:01  Drone x3  
  89  15:08  Zergling x2  
  89  15:09  Zergling x8  
  92  15:38  Hatchery, Overlord x5  
  92  15:39  Overlord  
  91  15:58  Hatchery  
  88  16:13  Hatchery  
  86  16:18  Spine Crawler  
  86  16:19  Spine Crawler  
  84  16:26  Hydralisk x6  
  96  16:43  Hive  
  96  16:46  Drone x7  
  100  17:02  Hydralisk  
  100  17:03  Hydralisk x3  
  108  17:12  Overseer  
  108  17:47  Hydralisk  
  108  17:48  Hydralisk x11  
  90  18:18  Zergling x6  
  90  18:19  Zergling x18  
  94  18:26  Overseer  
Tags
 
Add a new tag
Caveats
  • Supply blocks, unpowered buildings, or Contaminate may cause inaccurate times.
  • Supply counts are checked every 10 seconds.